 Dungeon Crawl Stone Soup version 0.27-a0-170-g607d9e9d85 (webtiles) character file.

Game seed: 14989381575169596914

244 zxkuqyb the Chopper (level 5, -7/48 HPs)
             Began as a Minotaur Berserker on Jan 28, 2021.
             Was a Believer of Trog.
             Mangled by an iguana (12 damage)
             ... on level 3 of the Dungeon.
             The game lasted 00:10:19 (1698 turns).

zxkuqyb the Chopper (Minotaur Berserker)            Turns: 1698, Time: 00:10:22

Health: -7/48      AC:  5    Str: 22    XL:     5   Next: 83%
Magic:  4/4        EV: 16    Int:  4    God:    Trog [**....]
Gold:   73         SH:  0    Dex: 10    Spells: 4/4 levels left

rFire    . . .     SeeInvis .   a - +0 hand axe
rCold    . . .     Faith    .   (no shield)
rNeg     . . .     Spirit   .   n - +0 ring mail (curse)
rPois    .         Reflect  .   (helmet restricted)
rElec    .         Harm     .   (no cloak)
rCorr    .         Rampage  .   (no gloves)
Will     .....                  (no boots)
Stlth    ..........             (no amulet)
HPRegen  0.16/turn              i - +4 ring of evasion
MPRegen  0.09/turn              (no ring)

@: lethally poisoned (-7 -> -10), berserk cooldown, slowed, very slow
A: retaliatory headbutt, horns 2
a: Renounce Religion, Berserk, Trog's Hand


You were on level 3 of the Dungeon.
You worshipped Trog.
Trog was pleased with you.
You visited 1 branch of the dungeon, and saw 3 of its levels.

You collected 73 gold pieces.

Inventory:

Hand Weapons
 a - a +0 hand axe (weapon)
Missiles
 e - 72 stones (quivered)
 l - 4 curare-tipped darts
Armour
 b - a +0 animal skin
 d - a +1 leather armour
 n - a cursed +0 ring mail (worn)
Jewellery
 i - a +4 ring of evasion (left hand)
Scrolls
 c - 2 scrolls of identify
 f - 2 scrolls of teleportation
 g - a scroll of fog
Potions
 h - a potion of ambrosia {unknown}
 j - a potion of berserk rage {unknown}


   Skills:
 * Level 5.2 Fighting
 * Level 5.2 Axes
 * Level 4.3 Armour
 + Level 3.2 Dodging


You had 4 spell levels left.
You didn't know any spells.
Your spell library was empty.

Dungeon Overview and Level Annotations

Branches:
Dungeon (3/15)

Altars:


Innate Abilities, Weirdness & Mutations

You reflexively headbutt those who attack you in melee.
You have a pair of horns on your head.


Message History

You closely miss the iguana. The iguana barely misses you.
You slash the iguana!
The iguana is severely wounded.
You are no longer berserk.
You pass out from exhaustion.
You feel yourself slow down.
You feel sick. The iguana barely misses you. The iguana completely misses you.
You feel sick. The iguana barely misses you. The iguana bites you!
You can move again.
You closely miss the iguana.
The iguana is severely wounded.
You feel sick. The iguana closely misses you.
You completely miss the iguana.
You headbutt the iguana, but do no damage.
The iguana is severely wounded.
The iguana bites you!
* * * LOW HITPOINT WARNING * * *
The iguana bites you!
You die...

#+# #.# #####.####
#.l@.....#
#.##...#.#
.y....$.#......####
######..##.<.......
#..##..##.####
#......# # ##.###.#
#.. ... ### #.##


You could see an iguana.

Vanquished Creatures
  A hornet (D:3)
  An adder (D:2)
  A leopard gecko (D:1)
  A ball python (D:1)
  10 bats
  2 giant cockroaches
  2 goblins
  2 hobgoblins
  5 kobolds
  A quokka (D:2)
  2 frilled lizards (D:1)
  4 rats
32 creatures vanquished.

Notes
Turn   | Place    | Note
-------+----------+-------------------------------------------
     0 | D:1      | zxkuqyb the Minotaur Berserker began the quest for the Orb.
     0 | D:1      | Reached XP level 1. HP: 19/19 MP: 0/0
   224 | D:1      | Reached XP level 2. HP: 27/27 MP: 1/1
  1057 | D:2      | Reached ** piety under Trog
  1058 | D:2      | Reached XP level 3. HP: 21/33 MP: 2/2
  1675 | D:3      | Noticed a hornet
  1686 | D:3      | Killed a hornet
  1687 | D:3      | Reached skill level 5 in Fighting
  1687 | D:3      | Reached skill level 5 in Axes
  1687 | D:3      | Reached XP level 4. HP: 41/42 MP: 3/3
  1687 | D:3      | Reached XP level 5. HP: 47/48 MP: 4/4
  1698 | D:3      | Mangled by an iguana

Illustrated notes

Levels and vault maps discovered:
D:1:      saegor_arrival_simple_a, layout_basic, minivault_4
D:2:      layout_loops_ring
D:3:      layout_loops_corners, fedhas_altar_2, minmay_joined_circles

Skill      XL: |  1  2  3 |
---------------+----------+-----
Axes           | 4 5 |  5.2
Fighting       | 4 5 |  5.2
Armour         | 3 4 |  4.3
Dodging        | 3 |  3.2

Action                   |  1- 3 |  4- 6 || total
-------------------------+-------+-------++-------
Melee: Hand axe          |    53 |     9 ||    62
       Headbutt          |    14 |     2 ||    16
Invok: Berserk           |     2 |       ||     2
  Use: Scroll            |     5 |       ||     5
Armor: Animal skin       |     4 |       ||     4
       Leather armour    |     7 |       ||     7
       Ring mail         |     1 |     1 ||     2
Dodge: Dodged            |    45 |     7 ||    52

Table legend: (Time is in decaauts)
 A = Elapsed time spent in this place.
 B = Non-inter-level travel time spent in this place.
 C = Inter-level travel time spent in this place.
 D = Time resting spent in this place.
 E = Time spent auto-exploring this place.
 F = Levels seen in this place.
 G = Mean time per level.
                   A        B        C        D        E       F      G
               +--------+--------+--------+--------+--------+-----+--------+
         Total |   1714 |   1662 |     52 |    331 |    973 |   3 |  571.3 |
       Dungeon |   1714 |   1662 |     52 |    331 |    973 |   3 |  571.3 |
               +--------+--------+--------+--------+--------+-----+--------+

Top non-repeatable levels by time:
     D:1: 903 daAuts
     D:2: 784 daAuts
     D:3: 26 daAuts
